 Dungeon Crawl Stone Soup version 0.31.0-32-g396128a36d (webtiles) character file.

Game seed: 8604512897391113575

1338 H0rd4k the Cutter (level 8, -11/82 HPs)
             Began as an Octopode Artificer on Apr 25, 2024.
             Was an Initiate of Gozag.
             Killed by divine providence
             ... invoked by an orc priest
              (14 damage)
             ... on level 7 of the Dungeon.
             The game lasted 00:06:23 (5704 turns).

H0rd4k the Cutter (Octopode Artificer)              Turns: 5704, Time: 00:06:24

Health: -11/82     AC:  1    Str: 12    XL:     8   Next: 61%
Magic:  8/8        EV: 13    Int: 15    God:    Gozag
Gold:   542        SH:  0    Dex: 12    Spells: 7/7 levels left

rFire   . .          .
                       - Unarmed
rCold   . . .        (no shield)
rNeg    + . .        (helmet restricted)
rPois   .            (no amulet)
rElec   .            m - ring of positive energy
rCorr   .            (no ring)
SInv    .            (no ring)
Will    .....        (no ring) Stlth
                     (no ring)
HPRegen 0.33/turn    (no ring)
MPRegen 0.11/turn    (no ring)
                     (no ring)

%: no passive effects
@: brilliant, berserking, gold aura, attractive, very quick
A: almost no armour, amphibious, 8 rings, camouflage 1, gelatinous body 1,
(nimble swimmer 1), tentacles
a: Renounce Religion, Potion Petition, Call Merchant, Bribe Branch


You were on level 7 of the Dungeon.
You worshipped Gozag.
Gozag was pleased with you.
You visited 2 branches of the dungeon, and saw 8 of its levels.

You collected 631 gold pieces.
You paid 89 gold pieces to Gozag.

Inventory:

Hand Weapons
 i - the +6 dagger "Hirohul" {freeze, rElec rN+ Str-5 Dex+3}
   (You found it on level 2 of the Dungeon)

   Str-5:     It affects your strength (-5).
   Dex+3:     It affects your dexterity (+3).
   rElec:     It insulates you from electricity.
   rN+:       It protects you from negative energy.
Missiles
 n - 5 poisoned darts
Jewellery
 m - a ring of positive energy (left tentacle)
 o - a ring of ice
Talismans
 h - a flux talisman
 r - a maw talisman
Wands
 b - a wand of flame (8) (quivered)
 c - a wand of charming (26)
 d - a wand of iceblast (5)
Scrolls
 e - 2 scrolls of blinking {unknown}
 j - 4 scrolls of teleportation {unknown}
 l - 2 scrolls of amnesia {unknown}
 p - 7 scrolls of identify {unknown}
 q - 2 scrolls of immolation {unknown}
 t - a scroll of noise {unknown}
 w - a scroll of revelation {unknown}
 y - a scroll of enchant weapon {unknown}
 z - a scroll of butterflies {unknown}
 A - a scroll of silence {unknown}
Potions
 f - a potion of enlightenment {unknown}
 g - a potion of berserk rage
 k - a potion of attraction
 s - a potion of magic {unknown}
 u - a potion of curing {unknown}
 v - a potion of heal wounds {unknown}
 x - a potion of resistance {unknown}


   Skills:
 + Level 5.0 Fighting
 + Level 6.5 Short Blades
 - Level 2.3 Dodging
 - Level 1.3 Stealth
 + Level 5.6 Unarmed Combat
 - Level 3.2 Evocations


You had 7 spell levels left.
You didn't know any spells.
Your spell library contained the following spells:

 Spells                   Type           Power      Damage    Failure   Level
 Freeze                   Ice            0%         1d3       26%         1
 Dazzling Flash           Conj/Hex       0%         N/A       63%         3
 Frozen Ramparts          Ice            0%         1d1       63%         3
 Hailstorm                Conj/Ice       0%         3d5       63%         3
 Volatile Blastmotes      Fire/Tloc      0%         2d10      63%         3
 Starburst                Conj/Fire      0%         6d3       100%        6
 Maxwell's Capacitive Co  Air            0%         ∞         100%        8


Dungeon Overview and Level Annotations

Branches:
Dungeon (7/15)             Temple (1/1) D:5

Altars:
Ashenzari
Cheibriados
Dithmenos
Fedhas
Gozag
Hepliaklqana
Kikubaaqudgha
Makhleb
Okawaru
Qazlal
Ru
Sif Muna
Uskayaw
Wu Jian
Xom
Yredelemnul
Zin
The Shining One

Shops:
D:1 [   D:4 (   D:5 (   D:6 *   D:7 :

Annotations:
Temple 4 transporters


Innate Abilities, Weirdness & Mutations

You cannot wear most types of armour.
You are amphibious.
You can wear up to eight rings at the same time.
Your skin changes colour to match your surroundings (Stealth+).
Your rubbery body absorbs attacks. (AC +1, EV +1)
((You are camouflaged when in or above water. (Stealth+)))
You have tentacles for arms and can constrict up to eight enemies at once.


Message History

You closely miss something.
The orc priest miscasts a cantrip.
You hear some strange, mumbled words.
A puff of flame appears from out of thin air!
The puff of flame hits you!
* * * LOW HITPOINT WARNING * * *
You closely miss something. Your squeeze misses something.
You barely miss something. Your squeeze misses something. Something hits you.
* * * LOW HITPOINT WARNING * * *
You barely miss something.
Your tentacle-slap misses something.
Your squeeze misses something. You bludgeon something!
Your squeeze misses something. You miss something.
Your squeeze misses something. Something hits you.
* * * LOW HITPOINT WARNING * * *
You miss something.
A hound comes into view.
The hound is attracted toward you.
You closely miss something.
The hound barks!
Your squeeze misses something.
The orc is distracted by your dazzling golden aura.
Something hits you.
* * * LOW HITPOINT WARNING * * *
The orc shouts!
You bludgeon something!
Reactivating autopickup.
You feel a bit more experienced.
The hound is distracted by your dazzling golden aura.
The orc is attracted toward you.
The hound barks!
You tentacle-slap the orc priest. You grab the orc priest.
The orc priest is moderately wounded.
You constrict the orc priest. You tentacle-slap the orc priest.
The orc priest is heavily wounded.
You constrict the orc priest.
The orc priest calls down the wrath of Beogh upon you.
Beogh smites you!
You die...
Your body crumbles into a pile of gold.

######P.P.#P..P.#
#...#.P§...#
##...P..#P###
#..P.P§.§.P.# #####
#.....P.....# .....#
#...§......## ......#
#....P..§..#
.......####.P....#§P.#
......§oo@$.........##
......h####......##.#
....§.. #...##....#
.....o. #...#######
....o.# #...# ......
##### .o.:.. ......


You could see a hound, an orc priest and an orc.

Vanquished Creatures
  Sigmund (D:2)
  Menkaure (D:4)
  An ogre (D:6)
  2 bullfrogs (D:7)
  A weeping skull (D:4)
  A scorpion (D:4)
  2 sleepcaps
  A bombardier beetle (D:5)
  2 hounds
  2 jellies
  A gnoll bouda (D:6)
  Terence (D:2)
  2 iguanas (D:6)
  Natasha (thrice) (D:2)
  5 orc wizards
  5 gnolls (D:6)
  2 adders
  A shadow imp (D:7)
  A white imp (D:6)
  3 ufetubi
  A ribbon worm (D:4)
  3 dart slugs
  13 orcs
  5 ball pythons
  9 endoplasms
  3 giant cockroaches
  5 hobgoblins
  6 jackals
  11 kobolds
  3 quokkas
  8 bats
  3 frilled lizards (D:2)
  8 goblins
  11 rats
  A spectral orc (D:4)
128 creatures vanquished.

Notes
Turn   | Place    | Note
-------+----------+-------------------------------------------
     0 | D:1      | H0rd4k the Octopode Artificer began the quest for the Orb.
     0 | D:1      | Reached XP level 1. HP: 13/13 MP: 1/1
   154 | D:1      | Reached skill level 1 in Unarmed Combat
   181 | D:1      | Reached XP level 2. HP: 16/18 MP: 2/2
   595 | D:2      | Reached XP level 3. HP: 11/23 MP: 3/3
   653 | D:2      | Identified the +6 dagger "Hirohul" {freeze, rElec rN+ Str-5
                  | Dex+3}
   667 | D:2      | Noticed Natasha
   672 | D:2      | Killed Natasha
   796 | D:2      | Reached XP level 4. HP: 29/29 MP: 4/4
  1224 | D:4      | Found a snail-covered altar of Cheibriados.
  1227 | D:4      | Reached skill level 1 in Short Blades
  1229 | D:4      | Reached XP level 5. HP: 11/34 MP: 5/5
  1478 | D:4      | Found Xischuh's Weapon Shoppe.
  1489 | D:4      | Reached skill level 2 in Short Blades
  1489 | D:4      | Reached XP level 6. HP: 24/41 MP: 6/6
  1894 | D:4      | Found a basalt altar of Yredelemnul.
  2099 | D:4      | Noticed Menkaure
  2102 | D:4      | Killed Menkaure
  2103 | D:4      | Reached skill level 3 in Short Blades
  2103 | D:4      | Reached XP level 7. HP: 46/46 MP: 7/7
  2124 | D:5      | Entered Level 5 of the Dungeon
  2248 | D:5      | Found a staircase to the Ecumenical Temple.
  2302 | Temple   | Found a transporter.
  2302 | Temple   | Found a transporter.
  2302 | Temple   | Found a transporter.
  2302 | Temple   | Found a transporter.
  2302 | Temple   | Entered the Ecumenical Temple
  2382 | D:5      | Reached skill level 5 in Unarmed Combat
  2699 | D:5      | Found a shimmering blue altar of Sif Muna.
  2870 | D:5      | Found Jielamm's Weapon Boutique.
  2937 | D:5      | Found a burning altar of Makhleb.
  2988 | D:5      | Found a glowing silver altar of Zin.
  3023 | D:6      | Reached skill level 4 in Short Blades
  3289 | D:6      | Found an ancient bone altar of Kikubaaqudgha.
  3307 | D:6      | Found Pefyfeuc's Elemental Accessories.
  3343 | D:6      | Found an opulent altar of Gozag.
  3414 | D:6      | Became a worshipper of Gozag Ym Sagoz the Greedy
  3689 | D:2      | Noticed Terence
  3693 | D:2      | Killed Terence
  3921 | D:1      | Found Sygee's Antique Armour Shoppe.
  4092 | D:2      | Noticed Sigmund
  4096 | D:2      | Killed Sigmund
  4232 | D:2      | Noticed Natasha
  4238 | D:2      | Killed Natasha
  4497 | D:2      | Noticed Natasha
  4505 | D:2      | Killed Natasha
  4506 | D:2      | Reached skill level 5 in Short Blades
  4506 | D:2      | Reached XP level 8. HP: 54/54 MP: 8/8
  4922 | D:3      | Found a sacrificial altar of Ru.
  5432 | D:6      | Identified the +0 plate armour of Mutualism {Rampage rF+}
  5545 | D:7      | Reached skill level 6 in Short Blades
  5560 | D:7      | Found Icluegugerph's Vocational Training.
  5632 | D:7      | Found a hazy altar of Hepliaklqana.
  5677 | D:7      | Reached skill level 5 in Fighting
  5701 | D:7      | HP: 3/82 [something (3)]
  5704 | D:7      | Killed from afar by an orc priest

Illustrated notes

Levels and vault maps discovered:
D:1:      dpeg_arrival_ratfight, layout_loops_ring, serial_shops, shop,
          minmay_tromino_v7
D:2:      layout_basic, uniq_natasha, uniq_terence, uniq_sigmund
D:3:      layout_loops_ring, lemuel_round_altar
D:4:      layout_basic, yredelemnul_forgotten_temple_becter,
          kennysheep_slug_shrine, serial_shops, nicolae_shop_scrapyard,
          uniq_menkaure
D:5:      layout_loops_ring, lemuel_blue_sif_altar, lightli_temple_of_fire,
          kennysheep_little_box, minmay_temple_entry_gardened_gates,
          serial_shops, nicolae_shop_tiny_waterfront
D:6:      layout_rooms, lemuel_doored_altar,
          nicolae_gozag_cash_rules_everything_around_me, serial_curves,
          eino_curves_02, eino_curves_03, eino_curves_02, eino_curves_03,
          dk_noncrumbling_3, nicolae_elemental_shop
D:7:      layout_rooms, nicolae_hepliaklqana_hazy_memory, serial_demonic,
          serial_demonic_e, serial_demonic_g, serial_demonic_a,
          serial_demonic_e, serial_shops, nicolae_shop_back_alley_shop,
          enter_bailey_5, nicolae_shop_vocational
Temple:   hellmonk_temple_divided_pantheon

Skill      XL: |  1  2  3  4  5  6  7  8 |
---------------+-------------------------+-----
Unarmed Combat | 1 2 3 4 5 |  5.6
Fighting       | 2 3 4 5 |  5.0
Short Blades   | 1 2 3 5 6 |  6.5
Dodging        | |  2.3
Stealth        | |  1.3
Evocations     | |  3.2

Action                     |  1- 3 |  4- 6 |  7- 9 || total
---------------------------+-------+-------+-------++-------
  Melee: Unarmed           |    60 |       |    12 ||    72
         Constrict         |    17 |     9 |    35 ||    61
         Tentacles         |    13 |     8 |    35 ||    56
         Dagger            |     8 |    54 |   117 ||   179
         Punch             |       |     3 |     5 ||     8
  Evoke: Wand              |     4 |     3 |       ||     7
    Use: Potion            |       |       |     3 ||     3
   Stab: Sleeping          |     3 |     3 |    11 ||    17
         Distracted        |       |       |     1 ||     1
 Armour: Skin              |    24 |    35 |    57 ||   116
  Dodge: Dodged            |    37 |    31 |    55 ||   123
